 Dungeon Crawl Stone Soup version 0.31-a0-544-gceb718ecc6 (webtiles) character file.

Game seed: 7469808590465097119

115 ytrimaz the Changeling (level 4, -1/32 HPs)
             Began as a Demonspawn Shapeshifter on Aug 16, 2023.
             Was an Initiate of Okawaru.
             Slain by an ogre
             ... wielding a +0 giant club
              (33 damage)
             ... on level 3 of the Dungeon.
             The game lasted 00:02:41 (2151 turns).

ytrimaz the Changeling (Demonspawn Shapeshifter)    Turns: 2151, Time: 00:02:42

Health: -1/32      AC:  4    Str: 16    XL:     4   Next: 68%
Magic:  4/4        EV: 13    Int:  9    God:    Okawaru [......]
Gold:   972        SH:  0    Dex: 15    Spells: 3/3 levels left

rFire   . .          .
                       - Unarmed
rCold   . . .        (no shield)
rNeg    . . .        a - +0 animal skin
rPois   .            (helmet currently unavailable)
rElec   .            (cloak currently unavailable)
rCorr   .            (gloves currently unavailable)
SInv    .            (boots currently unavailable)
Will    .....        g - amulet of regeneration
Stlth   +            (no ring)
HPRegen 1.05/turn    (no ring)
MPRegen 0.09/turn

%: no passive effects
@: beast-form
A: beast (slay +2), antennae 1, yellow scales 1
a: Begin Untransformation, Renounce Religion


You were on level 3 of the Dungeon.
You worshipped Okawaru.
Okawaru was noncommittal.
You were a hulking beast.
You visited 1 branch of the dungeon, and saw 3 of its levels.

You collected 972 gold pieces.


Innate Abilities, Weirdness & Mutations

You are a hulking beast.
Your limbs bulge with bestial killing power. (Slay +2)
You have a pair of small antennae on your head.
You are partially covered in yellow scales. (AC +2)


   Skills:
 - Level 1.0 Fighting
 + Level 2.9 Dodging
 - Level 2.6 Unarmed Combat
 * Level 3.9 Shapeshifting


You had 3 spell levels left.
You didn't know any spells.
Your spell library was empty.

Inventory:

Armour
 a - a +0 animal skin (worn)
Jewellery
 g - an amulet of regeneration (around neck)
   (You found it on level 2 of the Dungeon)
Talismans
 c - a beast talisman (active)
 d - a flux talisman
Scrolls
 b - a scroll of teleportation {unknown}
 e - a scroll of blinking
 k - a scroll of poison {unknown}
Potions
 f - a potion of mutation
 h - a potion of curing
 i - a potion of attraction
 j - a potion of cancellation {unknown}
 l - 3 potions of haste {unknown}

Dungeon Overview and Level Annotations

Branches:
Dungeon (3/15) Zot: 15830

Altars:
Okawaru

Shops:
D:2

( . # . #. .## . .##
..##.. # .###.....#
#)##
#.####..........
...##.....##O.......
#..# ##...hS).#..
#..# ##..?..J.......
#..###...###..##....
#..#...#.##...# K..
####...........#..#
.
#...........#####...
#......#....... #...
#....####.####..
..#. #....# #.#
.<.###


You could see an ogre, a jelly and an adder.


Message History

You now have 962 gold pieces (gained 17).
A worm comes into view.
Unknown command.
The worm closely misses you.
You punch the worm! You hit the worm. The worm bites you! 😮 HP[-8]
You take 8 damage, and now have 24/32 hp.
MASSIVE DAMAGE!! (PAUSE)
You are too injured to fight recklessly!
You hit the worm. 😕 HP[+1]
You punch the worm! The worm bites you. 😮 HP[-1]
You take 1 damage, and now have 24/32 hp.
You hit the worm.
You kill the worm! 😕 HP[+1] Unknown command. 😕 HP[+1] No target in view! 😕 HP[+1] No target in view!
Key pressed, stopping explore.
Found a stone staircase leading up.
j - a fuming amethyst potion 😎 HP[+5]
Your hp is fully restored (32).
Key pressed, stopping explore.
Done exploring.
Done exploring.
Done exploring.
Search for what [? for help]? oka
There is an iron altar of Okawaru here.
You kneel at the altar of Okawaru.
Okawaru welcomes you!
Unknown command.
Press < or > to pray at altars.
There is an escape hatch in the floor here.
You slide downwards.
The hatch slams shut behind you.
Found 10 gold pieces and a fizzy orange potion.
Found a stone staircase leading up and a stone staircase leading down.
A rat comes into view.
A rat is nearby!
A rat is nearby!
The rat misses you.
You closely miss the rat. The rat closely misses you.
You hit the rat.
You kill the rat!
Okawaru accepts your kill.
No target in view!
No target in view!
Unknown command.
You now have 972 gold pieces (gained 10).
You sense a monster nearby.
k - a scroll labelled XASIGG XAROEH You see here a +0 robe.
A kobold comes into view. It is wielding a +0 club.
A kobold is nearby!
A kobold is nearby!
Unknown command.
The kobold shouts!
You hit the kobold.
You kill the kobold!
Okawaru accepts your kill.
No target in view!
Unknown command.
Things that are here:
a +0 club; a kobold corpse
Okay, then.
As you read the scroll of identify, it crumbles to dust.
h - a potion of curing
Found an escape hatch in the ceiling.
l - 3 fizzy orange potions (gained 1) Key pressed, stopping explore.
Found a stone staircase leading up.
A goblin and an ogre come into view.
The goblin shouts!
The ogre shouts!
The ogre moves out of view.
You see here a scroll of enchant weapon.
A goblin is nearby!
An adder comes into view.
A jelly comes into view.
The jelly quivers.
The adder hisses angrily.
The goblin hits you but does no damage.
A kobold comes into view. It is wielding a +0 dagger.
The kobold shouts!
You hit the ogre. You hit the goblin.
You kill the goblin!
Okawaru accepts your kill. The ogre misses you.
You hit the ogre. The ogre misses you.
Unknown command.
Okay, then.
The jelly attacks as you move away! The jelly closely misses you.
The ogre attacks as you move away!
The ogre hits you with a +0 giant club!!
Ouch! That really hurt!
You die...

Skill      XL: |  1 |
---------------+----+-----
Dodging        | 2 |  2.9
Shapeshifting  | 3 |  3.9
Fighting       | |  1.0
Unarmed Combat | |  2.6

Action                     |  1- 3 |  4- 6 || total
---------------------------+-------+-------++-------
  Melee: Unarmed           |   129 |    76 ||   205
         Punch             |       |     1 ||     1
    Use: Scroll            |     5 |     4 ||     9
         Potion            |     1 |       ||     1
   Stab: Sleeping          |     1 |     2 ||     3
 Armour: Animal skin       |    21 |    11 ||    32
         Skin              |    17 |     6 ||    23
  Dodge: Dodged            |    82 |    35 ||   117

Levels and vault maps discovered:
D:1:      wander_arrival_desolate, layout_loops_corners, serial_forest,
          infiniplex_forest_clump_diagonal, infiniplex_forest_lined_3_way,
          infiniplex_forest_end_1, infiniplex_forest_lined_2,
          infiniplex_forest_lined_corner, infiniplex_forest_end_1,
          infiniplex_forest_lined_room_3, infiniplex_forest_lined_2,
          infiniplex_forest_straight_1, serial_bayou_lake_a
D:2:      layout_basic, basic_altar, serial_shops, shop, uniq_robin
D:3:      layout_rooms, nicolae_overflow_hidden_temple, minmay_fountain_box

Notes
Turn   | Place    | Note
-------+----------+-------------------------------------------
     0 | D:1      | ytrimaz the Demonspawn Shapeshifter began the quest for the
                  | Orb.
     0 | D:1      | Reached XP level 1. HP: 15/15 MP: 1/1
     0 | D:1      | magus.rc [v1.9.6]
   107 | D:1      | HP: 2/15 [quokka (2)]
   310 | D:1      | Reached skill level 2 in Dodging
   315 | D:1      | Reached skill level 3 in Shapeshifting
   315 | D:1      | Gained mutation: You have a pair of small antennae on your
                  | head. [demonic ancestry]
   315 | D:1      | Reached XP level 2. HP: 18/21 MP: 2/2
  1063 | D:1      | Identified a scroll of acquirement
  1066 | D:1      | Acquired 893 gold pieces
  1151 | D:2      | Reached XP level 3. HP: 10/26 MP: 3/3
  1176 | D:2      | Found Ewkirar's Weapon Shoppe.
  1314 | D:2      | Noticed Robin
  1378 | D:2      | HP: 7/39 [frozen (5)]
  1380 | D:2      | Killed Robin
  1384 | D:2      | HP: 5/39 [goblin/+0 dagger[Robin] (2)]
  1386 | D:2      | Gained mutation: You are partially covered in yellow
                  | scales. (AC +2) [demonic ancestry]
  1386 | D:2      | Reached XP level 4. HP: 7/32 MP: 4/4
  1706 | D:2      | Found an iron altar of Okawaru.
  2040 | D:2      | Became a worshipper of Warmaster Okawaru
  2143 | D:3      | Noticed an ogre
  2151 | D:3      | Slain by an ogre

Vanquished Creatures
  Robin (D:2)
  3 adders (D:2)
  2 worms (D:2)
  2 dart slugs (D:1)
  2 ball pythons
  5 endoplasms
  3 giant cockroaches
  8 goblins
  11 hobgoblins
  4 jackals
  2 quokkas
  4 bats
  2 frilled lizards
  5 kobolds
  6 rats
60 creatures vanquished.

Table legend:
 A = Non-vault XP
 B = Vault XP
 C = Vault XP percentage of total XP
 D = Non-vault monster count
 E = Vault monster count
 F = Vault count percentage of total count
                 A         B        C        D         E       F
            +---------+---------+-------+---------+---------+-------
      Total |     128 |      37 |  22.4 |      48 |      12 |  20.0
            +---------+---------+-------+---------+---------+-------
        D:1 |      39 |       0 |   0.0 |      21 |       0 |   0.0
        D:2 |      84 |      37 |  30.6 |      24 |      12 |  33.3
        D:3 |       5 |       0 |   0.0 |       3 |       0 |   0.0
            +---------+---------+-------+---------+---------+-------

Skill      XL: |  1 |
---------------+----+-----
Dodging        | 2 |  2.9
Shapeshifting  | 3 |  3.9
Fighting       | |  1.0
Unarmed Combat | |  2.6

Action                     |  1- 3 |  4- 6 || total
---------------------------+-------+-------++-------
  Melee: Unarmed           |   129 |    76 ||   205
         Punch             |       |     1 ||     1
    Use: Scroll            |     5 |     4 ||     9
         Potion            |     1 |       ||     1
   Stab: Sleeping          |     1 |     2 ||     3
 Armour: Animal skin       |    21 |    11 ||    32
         Skin              |    17 |     6 ||    23
  Dodge: Dodged            |    82 |    35 ||   117

Illustrated notes

Table legend:
 A = Kills in this place as a percentage of kills in the entire game.
 B = Kills by you in this place as a percentage of kills by you in the entire game.
 C = Kills by friends in this place as a percentage of kills by friends in the entire game.
 D = Other kills in this place as a percentage of other kills in the entire game.
 E = Experience gained in this place as a percentage of experience gained in the entire game.
 F = Experience gained in this place divided by the number of levels of this place that you have seen.
                   A       B       C       D       E      F
               +-------+-------+-------+-------+-------+----------------------
         Total | 100.0 | 100.0 |   N/A |   N/A | 100.0 |  55.0
       Dungeon | 100.0 | 100.0 |   N/A |   N/A | 100.0 |  55.0
               +-------+-------+-------+-------+-------+----------------------

Table legend: (Time is in decaauts)
 A = Elapsed time spent in this place.
 B = Non-inter-level travel time spent in this place.
 C = Inter-level travel time spent in this place.
 D = Time resting spent in this place.
 E = Time spent auto-exploring this place.
 F = Levels seen in this place.
 G = Mean time per level.
                   A        B        C        D        E       F      G
               +--------+--------+--------+--------+--------+-----+--------+
         Total |   2169 |   2025 |    144 |      0 |   1535 |   3 |  723.0 |
       Dungeon |   2169 |   2025 |    144 |      0 |   1535 |   3 |  723.0 |
               +--------+--------+--------+--------+--------+-----+--------+

Top non-repeatable levels by time:
     D:1: 1137 daAuts
     D:2: 968 daAuts
     D:3: 64 daAuts
